 Dungeon Crawl Stone Soup version 0.29.1-15-g9cfb28693d (webtiles) character file.

Game seed: 703271228229244188

1433 babamac the Cleaver (level 8, -2/70 HPs)
             Began as a Minotaur Berserker on Mar 5, 2023.
             Was an Elder of Trog.
             Slain by a gnoll
             ... wielding a +0 spear
             ... led by a gnoll bouda
              (5 damage)
             ... on level 6 of the Dungeon.
             The game lasted 00:10:32 (4344 turns).

babamac the Cleaver (Minotaur Berserker)            Turns: 4344, Time: 00:10:33

Health: -2/70      AC:  0    Str: 23    XL:     8   Next: 45%
Magic:  7/7        EV: 20    Int:  4    God:    Trog [****..]
Gold:   247        SH:  0    Dex: 16    Spells: 7/7 levels left

rFire   . . .      SeeInvis .   (weapon currently unavailable)
rCold   . . .      Faith    .   (shield currently unavailable)
rNeg    . . .      Spirit   .   (body armour currently unavailable)
rPois   .          Reflect  .   (helmet currently unavailable)
rElec   .          Harm     .   (cloak currently unavailable)
rCorr   .          Rampage  .   (gloves currently unavailable)
Will    .....                   (boots currently unavailable)
Stlth   +.........              (no amulet)
HPRegen 0.21/turn               (ring currently unavailable)
MPRegen 0.10/turn               (ring currently unavailable)

@: bat-form, weakened, flying, very quick
A: fast, flying, no casting, tiny, (horns 2), (retaliatory headbutt), (cold
resistance 1), inability to drink after injury 1
a: Renounce Religion, Berserk, Trog's Hand, Brothers in Arms


You were on level 6 of the Dungeon.
You worshipped Trog.
Trog was greatly pleased with you.
You were a bat.
You visited 1 branch of the dungeon, and saw 6 of its levels.

You collected 247 gold pieces.

Inventory:

Hand Weapons
 a - a +0 hand axe
 h - a +1 war axe
 s - a +3 double sword of draining (melded)
Armour
 b - a +0 animal skin
 c - a +1 helmet
 e - a +1 scale mail (melded)
 i - a +2 cloak
 k - a +2 pair of gloves (melded)
 o - a +0 tower shield (melded)
 r - a scarf of resistance (melded)
Jewellery
 q - a ring of willpower
 t - a +4 ring of evasion
Scrolls
 f - 4 scrolls of teleportation
 g - 3 scrolls of identify
 l - a scroll of blinking
Potions
 d - 2 potions of lignification
 j - 4 potions of degeneration
 m - a potion of might
 n - 2 potions of mutation
 p - 2 potions of ambrosia


   Skills:
 + Level 6.3 Fighting
 * Level 2.6 Long Blades
 - Level 9.3 Axes
 + Level 5.4 Armour
 + Level 3.7 Dodging
 + Level 3.1 Shields


You had 7 spell levels left.
You didn't know any spells.
Your spell library contained the following spells:

 Spells                   Type           Power      Damage    Failure   Level
 Sublimation of Blood     Necr           0%         N/A       65%         2
 Wereblood                Tmut           0%         N/A       65%         2
 Summon Hydra             Summ           0%         N/A       100%        7


Dungeon Overview and Level Annotations

Branches:
Dungeon (6/15)
 Temple: D:4-7

Altars:
Ashenzari
Ru


Innate Abilities, Weirdness & Mutations

You are a bat.
You are tiny and dextrous.
You move quickly.
You are flying.
Your equipment is almost entirely melded.
You are incapable of wielding weapons or throwing items.
You cannot cast spells.
((You have a pair of horns on your head.))
((You reflexively headbutt those who attack you in melee.))
((Your flesh is cold resistant. (rC+)))
You occasionally lose the ability to drink potions when taking damage.


Message History

You hit the gnoll bouda but do no damage.
The gnoll bouda is moderately wounded.
The gnoll bouda completely misses you. The gnoll misses you.
You hit the gnoll bouda but do no damage.
The gnoll bouda is moderately wounded.
The gnoll bouda closely misses you. The gnoll hits you with a +0 spear!
You hit the gnoll bouda but do no damage.
The gnoll bouda is moderately wounded.
The gnoll bouda hits you with a +0 club!
* * * LOW HITPOINT WARNING * * *
The gnoll hits you with a +0 spear.
* * * LOW HITPOINT WARNING * * *
You hit the gnoll bouda but do no damage.
The gnoll bouda is moderately wounded.
Your attacks no longer feel as feeble.
The gnoll is no longer moving quickly.
The gnoll bouda barely misses you. The gnoll hits you with a +0 spear.
* * * LOW HITPOINT WARNING * * *
You hit the gnoll bouda but do no damage.
The gnoll bouda is moderately wounded.
The gnoll bouda gazes fiercely through you!
You feel your attacks grow feeble. The gnoll bouda completely misses you.
The gnoll closely misses you.
You hit the gnoll bouda but do no damage.
The gnoll bouda is moderately wounded.
The gnoll bouda closely misses you.
You hit the gnoll bouda.
The gnoll bouda is moderately wounded.
The gnoll barely misses you.
The gnoll bouda gazes fiercely through you!
You feel as though you will be weak longer.
The gnoll bouda misses you.
You hit the gnoll bouda but do no damage.
The gnoll bouda is moderately wounded.
The gnoll hits you with a +0 spear.
* * * LOW HITPOINT WARNING * * *
You hit the gnoll bouda.
The gnoll bouda is heavily wounded.
The gnoll bouda closely misses you. The gnoll hits you with a +0 spear.
You die...

############
#..........#
#.########.#
#######.#### #.#
......g....# #.#######
......#b##.#####.##.....
.####.#g##....[.....####
g ..............#
####.###.####.##.# #.# #
#.##.# #.. ..##.# ###
#####.# #.# #.#


You could see a gnoll bouda and a gnoll.

Vanquished Creatures
  The ghost of H0rd4k the Charlatan, an amateur OpAr (D:4)
  A water moccasin (D:6)
  A sky beast (D:6)
  3 ogres
  A centaur (D:5)
  A phantom (D:5)
  A bullfrog (D:4)
  2 scorpions
  3 hounds
  An orc priest (D:5)
  A gnoll bouda (D:5)
  An iguana (D:6)
  An orc wizard (D:5)
  9 gnolls
  6 adders
  2 shadow imps (D:6)
  A white imp (D:6)
  An ufetubus (D:5)
  A worm (D:2)
  18 orcs
  4 endoplasms
  2 giant cockroaches
  7 goblins
  12 hobgoblins
  4 jackals (D:4)
  2 quokkas (D:3)
  3 ball pythons
  6 bats
  3 frilled lizards
  13 kobolds
  6 rats
118 creatures vanquished.

Notes
Turn   | Place    | Note
-------+----------+-------------------------------------------
     0 | D:1      | babamac the Minotaur Berserker began the quest for the Orb.
     0 | D:1      | Reached XP level 1. HP: 19/19 MP: 0/0
   528 | D:1      | Reached XP level 2. HP: 27/27 MP: 1/1
   938 | D:2      | Reached skill level 4 in Axes
   983 | D:2      | Reached ** piety under Trog
  1048 | D:2      | Reached XP level 3. HP: 33/33 MP: 2/2
  1153 | D:2      | Found a faded altar of an unknown god.
  1370 | D:3      | Found a sacrificial altar of Ru.
  1781 | D:4      | Reached XP level 4. HP: 41/41 MP: 3/3
  1842 | D:4      | Reached skill level 5 in Axes
  1962 | D:4      | Noticed a scorpion
  1968 | D:4      | Killed a scorpion
  1969 | D:4      | Reached XP level 5. HP: 47/47 MP: 4/4
  1969 | D:4      | Found a runed translucent door.
  1972 | D:4      | Noticed H0rd4k's ghost (amateur OpAr)
  1986 | D:4      | Reached skill level 6 in Axes
  1992 | D:4      | Killed H0rd4k's ghost
  1993 | D:4      | Reached skill level 5 in Fighting
  1993 | D:4      | Reached skill level 7 in Axes
  1993 | D:4      | Reached XP level 6. HP: 56/56 MP: 5/5
  2260 | D:5      | Entered Level 5 of the Dungeon
  2295 | D:5      | Gained mutation: You occasionally lose the ability to drink
                  | potions when taking damage. [potion of mutation]
  2295 | D:5      | Gained mutation: Your flesh is cold resistant. (rC+)
                  | [potion of mutation]
  2307 | D:5      | Found a broken altar of Ashenzari.
  2319 | D:5      | Reached *** piety under Trog
  2320 | D:5      | Reached XP level 7. HP: 61/61 MP: 6/6
  2322 | D:5      | Reached skill level 8 in Axes
  2926 | D:5      | Reached skill level 1 in Shields
  3078 | D:5      | Reached skill level 9 in Axes
  3213 | D:5      | Reached **** piety under Trog
  3329 | D:5      | Reached XP level 8. HP: 59/70 MP: 7/7
  3634 | D:6      | Identified a scroll of acquirement
  3634 | D:6      | Acquired a +3 double sword of draining
  3966 | D:6      | Reached skill level 1 in Long Blades
  3966 | D:6      | Reached skill level 5 in Armour
  4343 | D:6      | HP: 3/70 [gnoll/+0 spear[a gnoll bouda] (6)]
  4344 | D:6      | Slain by a gnoll

Illustrated notes

Levels and vault maps discovered:
D:1:      lemuel_arrival_rhombus, layout_loops_ring
D:2:      layout_rooms, shapermc_ecumenical_altar_mp_ritualfount
D:3:      layout_loops_ring, nicolae_overflow_crystal_walls
D:4:      layout_rooms, ebering_ghost_sewer_d
D:5:      corexii_shantytown, layout_basic, nicolae_ashenzari_skybound
D:6:      layout_loops_ring, minmay_temple_entry_butterflies,
          hangedman_decor_growths

Skill      XL: |  1  2  3  4  5  6  7  8 |
---------------+-------------------------+-----
Fighting       | 4 5 6 |  6.3
Axes           | 4 5 7 9 |  9.3
Armour         | 3 4 5 |  5.4
Dodging        | 3 |  3.7
Shields        | 1 3 |  3.1
Long Blades    | 2 |  2.6

Action                   |  1- 3 |  4- 6 |  7- 9 || total
-------------------------+-------+-------+-------++-------
Melee: Hand axe          |    45 |       |       ||    45
       Headbutt          |     7 |     6 |    17 ||    30
       War axe           |    35 |    58 |   109 ||   202
       Punch             |     1 |       |       ||     1
       Double sword      |       |       |    25 ||    25
       Unarmed           |       |       |    22 ||    22
Invok: Berserk           |       |     2 |       ||     2
  Use: Potion            |     7 |     1 |       ||     8
       Scroll            |     4 |     6 |     1 ||    11
Armor: Scale mail        |    45 |    38 |    73 ||   156
       Animal skin       |     1 |       |       ||     1
Dodge: Dodged            |    39 |    41 |    46 ||   126
Block: Tower shield      |       |     3 |    81 ||    84
